 Dungeon Crawl Stone Soup version 0.28-a0-863-g8cecda6153 (webtiles) character file.

Game seed: 12198088131631783716

15820 kae the Martial Artist (level 12, -3/103 HPs)
             Began as a Yellow Draconian Transmuter on Nov 18, 2021.
             Was an Elder of the Shining One.
             Slain by a nine-headed hydra (7 damage)
             ... on level 1 of the Lair of Beasts.
             The game lasted 00:16:49 (16518 turns).

kae the Martial Artist (DrTm)                      Turns: 16518, Time: 00:16:50

Health: -3/103     AC:  8    Str: 12    XL:     12   Next: 4%
Magic:  19/22      EV: 15    Int: 18    God:    the Shining One [****..]
Gold:   1825       SH:  0    Dex: 13    Spells: 12/25 levels left

rFire   . . .      SeeInvis .     - Unarmed
rCold   . . .      Faith    .   (shield currently unavailable)
rNeg    + + +      Spirit   .   (armour unavailable)
rPois   +          Reflect  .   (helmet restricted)
rElec   .          Harm     .   (no cloak)
rCorr   +          Rampage  .   (gloves currently unavailable)
Will    .....                   (no boots)
Stlth   +.........              i - amulet of magic regeneration
HPRegen 0.27/turn               e - ring of poison resistance
MPRegen 0.43/turn               p - ring of positive energy

@: blade hands (expiring), glowing
A: spit acid, AC +8, unfitting armour, cold-blooded, acid resistance
a: Breathe Acid, End Transformation, Renounce Religion, Divine Shield, Cleansing
Flame


You were on level 1 of the Lair of Beasts.
You worshipped the Shining One.
The Shining One was greatly pleased with you.
You had blades for hands.
You visited 3 branches of the dungeon, and saw 13 of its levels.
You also visited: Sewer.

You collected 1825 gold pieces.

Inventory:

Missiles
 j - a throwing net
Jewellery
 e - a ring of poison resistance (left blade hand)
 i - an amulet of magic regeneration (around neck)
 p - a ring of positive energy (right blade hand)
Wands
 h - a wand of iceblast (16)
 l - a wand of flame (81)
 q - a wand of mindburst (18)
 w - a wand of acid (11)
 A - a wand of charming (9)
Scrolls
 a - a scroll of amnesia
 b - a scroll of enchant armour
 d - 3 scrolls of fear
 g - a scroll of brand weapon
 k - 4 scrolls of fog
 o - a scroll of teleportation
 t - 6 scrolls of identify
 u - 2 scrolls of blinking
 y - 2 scrolls of enchant weapon
Potions
 c - 6 potions of attraction
 f - 5 potions of curing
 m - 6 potions of flight
 n - 2 potions of heal wounds
 r - 2 potions of mutation
 s - 2 potions of haste
 v - 3 potions of lignification
 x - 2 potions of brilliance
 z - 2 potions of magic


   Skills:
 + Level 8.5 Fighting
 + Level 7.2 Dodging
 * Level 11.1 Unarmed Combat
 + Level 7.2 Spellcasting
 + Level 7.8 Transmutations
 - Level 4.0 Ice Magic
 - Level 2.0 Poison Magic
 + Level 5.7 Invocations


You had 12 spell levels left.
You knew the following spells:

 Your Spells              Type           Power      Damage    Failure   Level
a - Beastly Appendage     Tmut           68%        N/A       11%         1
b - Spider Form           Tmut/Pois      24%        N/A       30%         3
c - Ice Form              Ice/Tmut       27%        N/A       45%         4
d - Blade Hands           Tmut           17%        N/A       50%         5

Your spell library contained the following spells:

 Spells                   Type           Power      Damage    Failure   Level
 Wereblood                Tmut           34%        N/A       13%         2
 Animate Dead             Necr           3%         N/A       96%         4
 Summon Lightning Spire   Summ/Air       6%         N/A       96%         4
 Borgnjor's Vile Clutch   Necr/Erth      3%         N/A       100%        5
 Fireball                 Conj/Fire      3%         3d4       100%        5
 Iskenderun's Battlesphe  Conj           6%         2d6       100%        5
 Conjure Ball Lightning   Conj/Air       3%         3x3d6     100%        6
 Death Channel            Necr           3%         N/A       100%        6
 Iron Shot                Conj/Erth      3%         9d2       100%        6
 Orb of Destruction       Conj           3%         9d1       100%        7
 Storm Form               Tmut/Air       10%        N/A       100%        7
 Maxwell's Capacitive Co  Air            3%         ∞         100%        8
 Animate Armour           Summ/Erth      Unusable   N/A       N/A         4

Dungeon Overview and Level Annotations

Branches:
Dungeon (11/15)            Temple (1/1) D:4            Lair (1/6) D:9
    Orc (0/2) D:10          Sewer (visited)

Altars:
Ashenzari
Cheibriados
Dithmenos
Elyvilon
Fedhas
Gozag
Hepliaklqana
Kikubaaqudgha
Makhleb
Nemelex Xobeh
Okawaru
Qazlal
Ru
Sif Muna
Trog
Uskayaw
Vehumet
Wu Jian
Xom
Yredelemnul
Zin
The Shining One
Beogh

Shops:
D:10 !

Annotations:
D:2 1 runed translucent door, Crazy Yiuf
D:10 3 runed translucent doors, NinjaGaidenIII's ghost, novice DECj


Innate Abilities, Weirdness & Mutations

You have blades for hands.
Your spellcasting is less reliable in this form.
You are incapable of wielding weapons or throwing items.
You can spit globs of acid.
Your golden yellow scales are hard. (AC +8)
You cannot fit into any form of body armour.
You are cold-blooded and may be slowed by cold attacks.
You are resistant to acid. (rCorr)


Message History

The five-headed hydra misses you.
The five-headed hydra bites you but does no damage. x2
The five-headed hydra closely misses you.
The five-headed hydra bites you but does no damage.
You hack one of the five-headed hydra's heads off!
The four-headed hydra grows two more!
You slice the six-headed hydra!!
You slash the six-headed hydra, but do no damage.
The six-headed hydra is moderately wounded.
The six-headed hydra bites you.
The six-headed hydra closely misses you.
The six-headed hydra bites you but does no damage.
The six-headed hydra barely misses you.
The six-headed hydra bites you but does no damage.
The six-headed hydra bites you.
You hack one of the six-headed hydra's heads off!
The five-headed hydra grows two more!
You slice the seven-headed hydra!! You tail-slap the seven-headed hydra.
The seven-headed hydra is severely wounded.
The seven-headed hydra bites you! x2; The seven-headed hydra bites you.
* * * LOW HITPOINT WARNING * * *
The seven-headed hydra bites you but does no damage.
The seven-headed hydra bites you!
* * * LOW HITPOINT WARNING * * *
The seven-headed hydra bites you.
* * * LOW HITPOINT WARNING * * *
The seven-headed hydra bites you!
* * * LOW HITPOINT WARNING * * *
You chop one of the seven-headed hydra's heads off!
The six-headed hydra grows two more!
You slice the eight-headed hydra!! You tail-slap the eight-headed hydra.
The eight-headed hydra is almost dead.
Your transformation is almost over.
You hack one of the eight-headed hydra's heads off!
The seven-headed hydra grows two more!
You hit the nine-headed hydra.
The nine-headed hydra is severely wounded.
The nine-headed hydra completely misses you.
The nine-headed hydra closely misses you.
The nine-headed hydra bites you but does no damage.
The nine-headed hydra bites you!
You die...

......# ....##
##### # #+# # ###
.. ##### ##..##.##
....# ## #.......#
....#..# #.....^D#
....+.. #......@##
.....#.# #........#
....##..##.......##
....# ...+.......#
....# #........#
#'### #.......# #.#
#.......## #.##
##..#..#.# ...#
###..####.##


You could see a nine-headed hydra.

Vanquished Creatures
  Josephine (D:11)
  A hydra (D:11)
  A boulder beetle (D:11)
  Nergalle (D:11)
  Joseph (D:8)
  Maurice (D:8)
  An unseen horror (D:11)
  A gargoyle (D:7)
  Maggie (D:7)
  3 cane toads (Lair:1)
  3 komodo dragons (Lair:1)
  A kobold demonologist (D:9)
  A rime drake (Lair:1)
  A troll (D:11)
  Sigmund (D:5)
  A vampire (D:11)
  4 wraiths (D:11)
  A wyvern (D:7)
  A basilisk (Lair:1)
  15 yaks
  Grum (D:8)
  5 humans (D:10)
  Menkaure (D:5)
  Edmund (D:5)
  2 water moccasins (Lair:1)
  A black bear (D:7)
  6 orc warriors
  2 sky beasts (D:8)
  A hornet zombie (D:5)
  3 ogres
  6 centaurs
  8 wolves
  Blork the orc (D:4)
  2 kobold brigands
  3 bullfrogs
  4 scorpions
  A wyvern skeleton (D:7)
  2 water moccasin skeletons
  9 wights
  5 killer bees
  2 howler monkeys
  A bullfrog zombie (D:6)
  3 centaur zombies
  A jelly (D:5)
  A hound (D:5)
  A gnoll shaman (D:7)
  6 orc priests
  2 bullfrog skeletons
  Jessica (D:2)
  2 centaur skeletons (D:7)
  A scorpion zombie (D:5)
  6 iguanas
  8 orc wizards
  2 hound skeletons (D:5)
  2 howler monkey zombies (D:8)
  3 gnolls
  7 adders
  2 ufetubi (D:6)
  2 adder skeletons
  4 worms
  A dart slug (D:1)
  54 orcs
  12 ball pythons
  11 endoplasms
  2 giant cockroaches
  9 goblins
  5 hobgoblins
  5 jackals
  13 kobolds
  5 quokkas
  8 bats
  4 frilled lizards
  3 rats
294 creatures vanquished.

Vanquished Creatures (others)
  3 fungi (Lair:1)
  2 plants (Lair:1)
5 creatures vanquished.

Grand Total: 299 creatures vanquished

Notes
Turn   | Place    | Note
-------+----------+-------------------------------------------
     0 | D:1      | kae the Draconian Transmuter began the quest for the Orb.
     0 | D:1      | Reached XP level 1. HP: 16/16 MP: 3/3
   112 | D:1      | Found a faded altar of an unknown god.
   242 | D:1      | Reached XP level 2. HP: 23/23 MP: 3/5
  1052 | D:2      | HP: 1/23 [adder (1)]
  1054 | D:2      | Reached XP level 3. HP: 2/29 MP: 4/6
  1361 | D:2      | Learned a level 3 spell: Spider Form
  1376 | D:2      | Noticed Jessica
  1382 | D:2      | Killed Jessica
  1534 | D:2      | Found a runed translucent door.
  1535 | D:2      | Noticed Crazy Yiuf
  1831 | D:2      | Reached XP level 4. HP: 23/36 MP: 4/7
  1943 | D:3      | Reached skill level 1 in Poison Magic
  2132 | D:3      | Noticed a steam dragon
  2286 | D:3      | Learned a level 4 spell: Ice Form
  2793 | D:3      | Reached XP level 5. HP: 41/41 MP: 8/8
  2923 | D:4      | Identified a scroll of acquirement
  2923 | D:4      | Acquired 991 gold pieces
  2991 | D:4      | Found a staircase to the Ecumenical Temple.
  2991 | D:4      | Noticed an ogre
  3007 | D:4      | Killed an ogre
  3008 | D:4      | Reached skill level 4 in Unarmed Combat
  3008 | D:4      | Reached skill level 1 in Ice Magic
  3296 | Temple   | Entered the Ecumenical Temple
  3446 | Temple   | Became a worshipper of the Shining One
  3578 | D:4      | Reached XP level 6. HP: 29/50 MP: 8/10
  3947 | D:4      | Noticed Blork the orc
  3963 | D:4      | Killed Blork the orc
  4299 | D:4      | Found an ornate altar of the Wu Jian Council.
  4434 | D:5      | Entered Level 5 of the Dungeon
  4486 | D:5      | Noticed Edmund
  4522 | D:5      | Killed Edmund
  4523 | D:5      | Your scales start taking on a golden yellow colour.
  4523 | D:5      | Reached XP level 7. HP: 23/57 MP: 11/11
  4523 | D:5      | Gained mutation: You are resistant to acid. (rCorr) [Yellow
                  | Draconian growth]
  5024 | D:5      | Reached skill level 5 in Unarmed Combat
  5335 | D:5      | Noticed Sigmund
  5335 | D:5      | Reached * piety under the Shining One
  5349 | D:5      | Killed Sigmund
  5350 | D:5      | Reached XP level 8. HP: 66/66 MP: 13/13
  5642 | D:5      | Noticed Menkaure
  5653 | D:5      | Killed Menkaure
  5654 | D:5      | Reached skill level 6 in Unarmed Combat
  6862 | D:6      | Identified the +12 arbalest of the Spider Nest {freeze,
                  | Fragile rElec Stlth+}
  7249 | D:6      | Found a glowing drain.
  7267 | Sewer    | Entered a sewer
  8248 | D:7      | Reached XP level 9. HP: 73/73 MP: 12/15
  8294 | D:7      | Reached skill level 5 in Fighting
  8294 | D:7      | Reached skill level 7 in Unarmed Combat
  8496 | D:7      | Noticed a gargoyle
  8506 | D:7      | HP: 2/88 [gargoyle/stone arrow (18)]
  8510 | D:7      | Killed a gargoyle
  8511 | D:7      | Reached skill level 5 in Transmutations
  9429 | D:7      | Reached skill level 5 in Spellcasting
  9521 | D:7      | Noticed Maggie
  9532 | D:7      | Killed Maggie
  9533 | D:7      | Reached skill level 5 in Dodging
  9533 | D:7      | Reached skill level 8 in Unarmed Combat
  9726 | D:8      | Identified the +6 whip "Jellybane" {speed, rCorr Int+9
                  | Dex-3}
  9730 | D:8      | Noticed Joseph
  9741 | D:8      | HP: 3/90 [Joseph/sling bullet (16)]
  9743 | D:7      | Reached ** piety under the Shining One
  9743 | D:7      | HP: 1/90 [poisoned by a kobold brigand]
 10238 | D:8      | Killed Joseph
 10239 | D:8      | Reached skill level 1 in Invocations
 10239 | D:8      | Reached XP level 10. HP: 32/83 MP: 16/18
 10971 | D:8      | Noticed Grum
 10984 | D:8      | Killed Grum
 11243 | D:8      | Noticed Maurice
 11256 | D:8      | Killed Maurice
 11626 | D:9      | Reached skill level 9 in Unarmed Combat
 11774 | D:9      | Found a staircase to the Lair.
 12313 | D:9      | Reached *** piety under the Shining One
 12950 | D:10     | Entered Level 10 of the Dungeon
 13004 | D:10     | Found a runed translucent gate.
 13010 | D:10     | Found a runed translucent gate.
 13010 | D:10     | Found a runed translucent gate.
 13010 | D:10     | Identified the +11 plate armour of Peek-a-Boo {Harm Rampage
                  | Dex-3 Stlth+}
 13012 | D:10     | Noticed NinjaGaidenIII's ghost (novice DECj)
 13191 | D:10     | Found Zotan's Distillery.
 13236 | D:10     | Found a staircase to the Orcish Mines.
 13424 | D:10     | Reached XP level 11. HP: 84/92 MP: 20/20
 14154 | D:11     | Noticed Josephine
 14164 | D:11     | Noticed a five-headed hydra
 14164 | D:11     | Reached **** piety under the Shining One
 14168 | D:11     | Killed Josephine
 14169 | D:11     | Reached skill level 10 in Unarmed Combat
 14389 | D:11     | Noticed a boulder beetle
 14407 | D:11     | Killed a boulder beetle
 14558 | D:11     | Noticed Nergalle
 14834 | D:11     | Killed a five-headed hydra
 14887 | D:11     | Reached skill level 5 in Invocations
 15019 | D:11     | Killed Nergalle
 15484 | Lair:1   | Entered Level 1 of the Lair of Beasts
 15577 | Lair:1   | Learned a level 5 spell: Blade Hands
 16117 | Lair:1   | Reached skill level 11 in Unarmed Combat
 16310 | Lair:1   | Reached XP level 12. HP: 103/103 MP: 20/22
 16508 | Lair:1   | Noticed a five-headed hydra
 16516 | Lair:1   | HP: 4/103 [seven-headed hydra (8)]
 16518 | Lair:1   | Slain by a nine-headed hydra

Illustrated notes

Levels and vault maps discovered:
D:1:      dpeg_arrival_boxes_within_box, layout_rooms,
          chequers_ecumenical_altar_simple_redux
D:2:      layout_basic, uniq_jessica, uniq_crazy_yiuf_cottage
D:3:      layout_basic, minmay_misc_feat_columns, minmay_starry_boxes
D:4:      minmay_spotlight, layout_loops_ring, pdpol_wu_jian_five_deadly_venoms,
          minmay_temple_entry_mini_moons, uniq_blork_the_orc
D:5:      minmay_recursive_quarters, layout_basic, serial_co_window_serial,
          co_window_corner_a, co_window_cross_1, co_window_paths_b,
          co_window_paths_a, co_window_paths_b, co_window_corner_b,
          co_window_broadway_b, co_window_corner_cb, co_window_corner_b,
          co_window_4corner_a, glass_columns_a, glass_columns_a,
          glass_columns_c, minmay_holes, uniq_edmund, uniq_menkaure,
          uniq_sigmund
D:6:      layout_cave_pools, portal_sewer_entry_b
D:7:      kennysheep_spiral_hall, layout_gridville,
          ebering_dispersal_statue_hall, minmay_fractal_squares_diagonal_5,
          uniq_maggie
D:8:      layout_rooms, uniq_joseph, uniq_maurice, uniq_grum
D:9:      minmay_skewed_foursquare, layout_basic, dpeg_oklobed_lair
D:10:     layout_loops_ring, david_orc_2, biasface_ghost_orc_armoury,
          serial_shops, nicolae_shop_statue_plus, minmay_ruffians
D:11:     layout_cave_pools, minivault_5, uniq_nergalle, uniq_josephine
Temple:   kilobyte_greek_temple
Lair:1:   layout_roguey, hellmonk_ghost_happy_afterlife, enter_volcano_1

Skill      XL: |  1  2  3  4  5  6  7  8  9 10 11 |
---------------+----------------------------------+-----
Dodging        | 2 3 4 5 6 7 |  7.2
Fighting       | 2 3 4 6 7 8 |  8.5
Poison Magic   | 1 2 |  2.0
Unarmed Combat | 4 5 6 8 9 11 | 11.1
Ice Magic      | 1 2 3 4 |  4.0
Spellcasting   | 3 4 5 6 7 |  7.2
Transmutations | 3 4 5 6 7 |  7.8
Invocations    | 1 3 5 |  5.7

Action                   |  1- 3 |  4- 6 |  7- 9 | 10-12 || total
-------------------------+-------+-------+-------+-------++-------
Melee: Unarmed           |    79 |   192 |   301 |   332 ||   904
       Kick              |    11 |    20 |     3 |       ||    34
       Tailslap          |    11 |     9 |    11 |     5 ||    36
       Headbutt          |     3 |     9 |     2 |       ||    14
       Punch             |       |     1 |     5 |     3 ||     9
 Cast: Beastly Appendage |    19 |    21 |     4 |       ||    44
       Spider Form       |       |     7 |     9 |       ||    16
       Ice Form          |       |       |    29 |    39 ||    68
       Blade Hands       |       |       |       |     2 ||     2
Evoke: Wand              |       |       |     2 |     8 ||    10
  Use: Scroll            |     7 |     4 |    10 |     2 ||    23
       Potion            |       |     1 |     2 |       ||     3
Armor: Skin              |    21 |    35 |    92 |    87 ||   235
Dodge: Dodged            |    54 |   115 |   229 |   189 ||   587

Table legend: (Time is in decaauts)
 A = Elapsed time spent in this place.
 B = Non-inter-level travel time spent in this place.
 C = Inter-level travel time spent in this place.
 D = Time resting spent in this place.
 E = Time spent auto-exploring this place.
 F = Levels seen in this place.
 G = Mean time per level.
                   A        B        C        D        E       F      G
               +--------+--------+--------+--------+--------+-----+--------+
         Total |  16567 |  16153 |    414 |   1149 |  12542 |  14 | 1183.4 |
       Dungeon |  14338 |  13962 |    376 |   1130 |  10732 |  11 | 1303.5 |
        Temple |    188 |    151 |     37 |      0 |    133 |   1 |  188.0 |
          Lair |   1021 |   1021 |      0 |     19 |    872 |   1 | 1021.0 |
         Sewer |   1019 |   1019 |      0 |      0 |    805 |   1 | 1019.0 |
               +--------+--------+--------+--------+--------+-----+--------+

Top non-repeatable levels by time:
     D:7: 2085 daAuts
     D:5: 1856 daAuts
     D:4: 1676 daAuts
    D:10: 1459 daAuts
     D:9: 1414 daAuts
     D:8: 1203 daAuts
     D:2: 1179 daAuts
    D:11: 1059 daAuts
  Lair:1: 1021 daAuts
   Sewer: 1019 daAuts
     D:3: 996 daAuts
     D:1: 738 daAuts
     D:6: 668 daAuts
  Temple: 188 daAuts
